Jets vs Avalanche

Created - January 14 2012 at 19:01

Goals
1 2 3 T
Jets 1 1 4 6
Avalanche 1 2 1 4
Shots
1 2 3 T
Jets 8 9 13 30
Avalanche 8 5 4 17

Period #1

1. Avalanche , Shawn Horcoff 6 (Jason Demers, Teemu Selanne) at 4:20
2. Jets , Nathan Gerbe 6 (James Wisniewski, Alex Goligoski) at 14:45 (PP)

Penalties :
James Wisniewski (WPG) for Holding (Minor) at 2:14, Bryan Bickell (COL) for Interference (Minor) at 4:56, Aaron Rome (WPG) for Goalie Interference (Minor) at 10:27, Mike Knuble (COL) for Hooking (Minor) at 13:08, Kevin Klein (COL) for High sticking (Minor) at 14:25, Justin Abdelkader (COL) for Roughing (Minor) at 15:11, Jeff Skinner (COL) for Roughing (Minor) at 17:13, Zack Smith (WPG) for Cross-checking (Minor) at 17:13

Period #2

3. Jets , Clarke MacArthur 9 (Mike Ribeiro, Erik Cole) at 3:16
4. Avalanche , Kevin Shattenkirk 5 (Milan Hejduk) at 6:55 (PP)
5. Avalanche , Derek Stepan 2 (Bryan Bickell, Jason Demers) at 15:47 (PP)

Penalties :
Daniel Briere (COL) for Roughing (Minor) at 1:14, Mike Ribeiro (WPG) for Holding (Minor) at 5:42, Paul Mara (COL) for Boarding (Minor) at 11:55, Ilya Bryzgalov (WPG) for Slashing (Minor) at 14:56 - Brian Boyle served the penalty.

Period #3

6. Avalanche , Daniel Briere 25 (Teemu Selanne, Michael Del Zotto) at 0:21
7. Jets , Henrik Sedin 15 (Daniel Sedin, Martin Erat) at 9:44 (PP)
8. Jets , Daniel Sedin 27 (Henrik Sedin, Cam Fowler) at 13:06
9. Jets , James Wisniewski 3 (Alex Goligoski, Mike Ribeiro) at 14:28 (PP)
10. Jets , Clarke MacArthur 10 (Mark Giordano, Erik Cole) at 19:22 (Empty Net)

Penalties :
Teemu Selanne (COL) for Hooking (Minor) at 9:11, T.J. Oshie (COL) for Fighting (Major) at 12:41, Zack Smith (WPG) for Fighting (Major) at 12:41, Jeff Skinner (COL) for Roughing (Minor) at 13:13, Milan Hejduk (COL) for High sticking (Minor) at 14:30

Goalie Stats

Ilya Bryzgalov (WPG), 13 saves from 17 shots - (0.765), W, 20-15-5, 60:00 minutes
Joey MacDonald (COL), 4 saves from 5 shots - (0.800), L, 1-1-2, 6:32 minutes
Antti Niemi (COL), 20 saves from 24 shots - (0.833), 53:06 minutes

Players Stats

Jets
Player Name              G  A  P  +/- PIM S  H  SB FO    MP 
------------------------------------------------------------
Aaron Rome               0  0  0   1  2   0  1  0  0/0   10 
Alex Goligoski           0  2  2   0  0   3  0  0  0/0   21 
Brian Boyle              0  0  0   0  0   0  0  0  4/8   5  
Cam Fowler               0  1  1   0  0   2  0  0  0/0   24 
Carlo Colaiacovo         0  0  0   0  0   0  2  0  0/0   14 
Christian Ehrhoff        0  0  0   0  0   1  1  0  0/0   22 
Clarke MacArthur         2  0  2   1  0   4  0  0  1/2   12 
Colby Armstrong          0  0  0   1  0   0  1  0  0/1   12 
Daniel Sedin             1  1  2   0  0   2  0  0  1/3   22 
Erik Cole                0  2  2   1  0   4  1  0  0/1   11 
Henrik Sedin             1  1  2   0  0   2  0  0  18/32 23 
James Wisniewski         1  1  2   0  2   1  0  2  0/0   22 
Mark Giordano            0  1  1   1  0   0  0  1  0/0   6  
Martin Erat              0  1  1   0  0   4  2  0  1/1   19 
Mike Ribeiro             0  2  2   0  2   4  0  0  10/29 21 
Nathan Gerbe             1  0  1   0  0   1  0  1  0/0   21 
Ryan Malone              0  0  0   0  0   2  1  0  0/0   17 
Zack Smith               0  0  0   0  7   0  4  0  14/16 10 
Avalanche
Player Name              G  A  P  +/- PIM S  H  SB FO    MP 
------------------------------------------------------------
Bryan Bickell            0  1  1   0  2   1  0  0  0/0   7  
Daniel Briere            1  0  1  -1  2   2  2  0  16/26 19 
Derek Stepan             1  0  1   0  0   2  0  0  0/1   12 
Jason Demers             0  2  2   0  0   1  0  2  0/0   20 
Jeff Skinner             0  0  0   0  4   2  1  0  0/1   15 
John Carlson             0  0  0  -1  0   0  0  2  0/0   23 
Justin Abdelkader        0  0  0   0  2   0  2  0  9/15  10 
Kevin Klein              0  0  0   0  2   0  2  1  0/0   21 
Kevin Shattenkirk        1  0  1   0  0   3  1  0  0/0   20 
Michael Del Zotto        0  1  1  -1  0   0  4  1  0/0   18 
Mike Knuble              0  0  0   0  2   1  2  0  0/3   16 
Milan Hejduk             0  1  1  -1  2   0  1  0  0/2   13 
Olli Jokinen             0  0  0   0  0   1  0  0  8/15  15 
Paul Mara                0  0  0   0  2   0  7  1  0/0   17 
Shawn Horcoff            1  0  1   0  0   1  1  1  7/16  11 
T.J. Oshie               0  0  0   0  5   1  0  0  3/10  18 
Teemu Selanne            0  2  2  -1  2   2  0  0  1/4   19 
Tomas Kopecky            0  0  0   0  0   0  0  0  0/0   12 

3 Stars

1 - Clarke MacArthur (WPG)
2 - Daniel Sedin (WPG)
3 - Henrik Sedin (WPG)

Power Play

Jets - 3 on 9 Attempt(s) - 33.33%
Avalanche - 2 on 4 Attempt(s) - 50.00%

Penalty Kill

Jets - 2 on 4 Attempt(s) - 50.00% - Score 0 goal in Penalty Kill
Avalanche - 6 on 9 Attempt(s) - 66.67% - Score 0 goal in Penalty Kill

Game Notes

Zack Smith beats up T.J. Oshie at 12:41 of 3rd period
Joey MacDonald enters game at 13:06 of 3rd period
Clarke MacArthur has scored in a empty net!

Finance

Level 1 -- Attendance: 6005 (92.38%) -- Ticket Income $540,450.00
Level 2 -- Attendance: 3311 (66.22%) -- Ticket Income $198,660.00
Level 3 -- Attendance: 1965 (56.14%) -- Ticket Income $88,425.00
Level 4 -- Attendance: 1324 (65.97%) -- Ticket Income $46,340.00
Luxury Box -- Attendance: 791 (79.10%) -- Ticket Income $150,290.00
Game was played at the Pepsi Center
Total Attendance: 13396 (74.39%)
Total Ticket Income: $1,059,954.00
Other Income: $196,975.50
Total Income: $1,256,930.00


Play by Play

Period #1

0:01 of 1st period - Daniel Briere wins face-off versus Henrik Sedin in neutral zone.
1:02 of 1st period - Icing by Milan Hejduk.
1:03 of 1st period - Olli Jokinen wins face-off versus Mike Ribeiro in Avalanche zone.
1:11 of 1st period - Shot by Kevin Shattenkirk.
1:11 of 1st period - Stopped by Ilya Bryzgalov without a rebound.
1:12 of 1st period - Shawn Horcoff wins face-off versus Brian Boyle in Jets zone.
1:21 of 1st period - Erik Cole is hit by Shawn Horcoff and loses puck.
1:50 of 1st period - Shot by Erik Cole.
1:50 of 1st period - Stopped by Antti Niemi with a rebound.
2:05 of 1st period - Off-side.
2:06 of 1st period - Olli Jokinen wins face-off versus Mike Ribeiro in neutral zone.
2:14 of 1st period - Minor Penalty to James Wisniewski for Holding.
2:15 of 1st period - Daniel Briere wins face-off versus Mike Ribeiro in Jets zone.
2:37 of 1st period - Off-side.
2:38 of 1st period - Olli Jokinen wins face-off versus Mike Ribeiro in neutral zone.
3:44 of 1st period - Shot by Daniel Briere.
3:44 of 1st period - Stopped by Ilya Bryzgalov without a rebound.
3:45 of 1st period - Daniel Briere wins face-off versus Mike Ribeiro in Jets zone.
4:15 of 1st period - Teemu Selanne is hit by Carlo Colaiacovo and loses puck.
4:20 of 1st period - Shot by Shawn Horcoff.
4:20 of 1st period - Goal by Shawn Horcoff - Jets : 0 - Avalanche : 1.
4:21 of 1st period - Zack Smith wins face-off versus Shawn Horcoff in neutral zone.
4:24 of 1st period - Paul Mara is hit by Zack Smith.
4:28 of 1st period - Shot by Cam Fowler.
4:28 of 1st period - Stopped by Antti Niemi without a rebound.
4:29 of 1st period - Henrik Sedin wins face-off versus Justin Abdelkader in Avalanche zone.
4:29 of 1st period - Henrik Sedin is hit by Kevin Shattenkirk.
4:56 of 1st period - Minor Penalty to Bryan Bickell for Interference.
4:57 of 1st period - Mike Ribeiro wins face-off versus T.J. Oshie in Avalanche zone.
5:53 of 1st period - Icing by Cam Fowler.
5:54 of 1st period - Henrik Sedin wins face-off versus T.J. Oshie in Jets zone.
6:07 of 1st period - Shot by Henrik Sedin.
6:07 of 1st period - Stopped by Antti Niemi without a rebound.
6:08 of 1st period - Henrik Sedin wins face-off versus Justin Abdelkader in Avalanche zone.
6:08 of 1st period - Daniel Sedin is hit by Paul Mara.
6:27 of 1st period - Icing by Henrik Sedin.
6:28 of 1st period - Justin Abdelkader wins face-off versus Henrik Sedin in Jets zone.
7:23 of 1st period - Shot by Jeff Skinner.
7:23 of 1st period - Stopped by Ilya Bryzgalov with a rebound.
7:26 of 1st period - Icing by James Wisniewski.
7:27 of 1st period - Brian Boyle wins face-off versus Shawn Horcoff in Jets zone.
7:46 of 1st period - Shot by Mike Knuble.
7:46 of 1st period - Stopped by Ilya Bryzgalov without a rebound.
7:47 of 1st period - Daniel Briere wins face-off versus Zack Smith in Jets zone.
7:47 of 1st period - Teemu Selanne is hit by Aaron Rome and loses puck.
8:18 of 1st period - Icing by John Carlson.
8:19 of 1st period - Henrik Sedin wins face-off versus T.J. Oshie in Avalanche zone.
8:31 of 1st period - Icing by John Carlson.
8:32 of 1st period - Mike Ribeiro wins face-off versus Daniel Briere in Avalanche zone.
9:16 of 1st period - Off-side.
9:17 of 1st period - Henrik Sedin wins face-off versus Mike Knuble in neutral zone.
9:32 of 1st period - Shot by Henrik Sedin.
9:32 of 1st period - Shot Misses the Net.
9:56 of 1st period - Shot by Daniel Sedin.
9:56 of 1st period - Shot Blocked by Jason Demers.
10:21 of 1st period - Milan Hejduk is hit by Zack Smith and loses puck.
10:27 of 1st period - Minor Penalty to Aaron Rome for Goalie Interference.
10:28 of 1st period - Daniel Briere wins face-off versus Mike Ribeiro in Jets zone.
11:13 of 1st period - Shot by T.J. Oshie.
11:13 of 1st period - Stopped by Ilya Bryzgalov without a rebound.
11:14 of 1st period - Henrik Sedin wins face-off versus Olli Jokinen in Jets zone.
12:50 of 1st period - Icing by Derek Stepan.
12:51 of 1st period - Zack Smith wins face-off versus Shawn Horcoff in Avalanche zone.
12:56 of 1st period - Shot by Cam Fowler.
12:56 of 1st period - Shot Blocked by Shawn Horcoff.
13:08 of 1st period - Minor Penalty to Mike Knuble for Hooking.
13:09 of 1st period - Justin Abdelkader wins face-off versus Mike Ribeiro in Avalanche zone.
13:24 of 1st period - James Wisniewski is hit by Justin Abdelkader and loses puck.
13:33 of 1st period - Tomas Kopecky is hit by Ryan Malone and loses puck.
13:57 of 1st period - Icing by Christian Ehrhoff.
13:58 of 1st period - T.J. Oshie wins face-off versus Henrik Sedin in Jets zone.
14:24 of 1st period - Daniel Sedin is hit by Kevin Klein and loses puck.
14:25 of 1st period - Minor Penalty to Kevin Klein for High sticking.
14:26 of 1st period - Daniel Briere wins face-off versus Mike Ribeiro in Avalanche zone.
14:33 of 1st period - Shot by Alex Goligoski.
14:33 of 1st period - Stopped by Antti Niemi with a rebound.
14:37 of 1st period - Shot by Nathan Gerbe.
14:37 of 1st period - Shot Misses the Net.
14:41 of 1st period - Shot by Alex Goligoski.
14:41 of 1st period - Shot Misses the Net.
14:43 of 1st period - Shot by James Wisniewski.
14:43 of 1st period - Shot Misses the Net.
14:45 of 1st period - Shot by Nathan Gerbe.
14:45 of 1st period - Goal by Nathan Gerbe - Jets : 1 - Avalanche : 1.
14:46 of 1st period - T.J. Oshie wins face-off versus Henrik Sedin in neutral zone.
14:46 of 1st period - T.J. Oshie is hit by Martin Erat.
15:10 of 1st period - Christian Ehrhoff is hit by Justin Abdelkader and loses puck.
15:11 of 1st period - Minor Penalty to Justin Abdelkader for Roughing.
15:12 of 1st period - Daniel Briere wins face-off versus Mike Ribeiro in Avalanche zone.
16:09 of 1st period - Shot by Christian Ehrhoff.
16:09 of 1st period - Stopped by Antti Niemi without a rebound.
16:10 of 1st period - Henrik Sedin wins face-off versus Teemu Selanne in Avalanche zone.
16:19 of 1st period - Shot by Martin Erat.
16:19 of 1st period - Shot Blocked by John Carlson.
16:23 of 1st period - Shot by Henrik Sedin.
16:23 of 1st period - Shot Misses the Net.
16:25 of 1st period - Shot by Christian Ehrhoff.
16:25 of 1st period - Shot Blocked by Jason Demers.
16:29 of 1st period - Shot by Martin Erat.
16:29 of 1st period - Stopped by Antti Niemi without a rebound.
16:30 of 1st period - T.J. Oshie wins face-off versus Henrik Sedin in Avalanche zone.
17:13 of 1st period - Minor Penalty to Jeff Skinner for Roughing.
17:13 of 1st period - Minor Penalty to Zack Smith for Cross-checking.
17:14 of 1st period - Mike Ribeiro wins face-off versus Olli Jokinen in neutral zone.
17:48 of 1st period - Icing by Alex Goligoski.
17:49 of 1st period - Daniel Briere wins face-off versus Mike Ribeiro in Jets zone.
17:54 of 1st period - Shot by Kevin Shattenkirk.
17:54 of 1st period - Stopped by Ilya Bryzgalov without a rebound.
17:55 of 1st period - Henrik Sedin wins face-off versus Teemu Selanne in Jets zone.
18:22 of 1st period - Shot by Erik Cole.
18:22 of 1st period - Stopped by Antti Niemi without a rebound.
18:23 of 1st period - Olli Jokinen wins face-off versus Daniel Sedin in Avalanche zone.
18:33 of 1st period - Shot by Daniel Sedin.
18:33 of 1st period - Shot Misses the Net.
19:32 of 1st period - Mike Ribeiro is hit by Michael Del Zotto and loses puck.
19:46 of 1st period - Shot by Tomas Kopecky.
19:46 of 1st period - Shot Misses the Net.
19:48 of 1st period - Shot by Tomas Kopecky.
19:48 of 1st period - Shot Blocked by James Wisniewski.
19:50 of 1st period - Shot by Justin Abdelkader.
19:50 of 1st period - Shot Misses the Net.
19:54 of 1st period - Shot by Bryan Bickell.
19:54 of 1st period - Stopped by Ilya Bryzgalov without a rebound.
19:55 of 1st period - Zack Smith wins face-off versus Daniel Briere in Jets zone.

Period #2

0:01 of 2nd period - Henrik Sedin wins face-off versus Daniel Briere in neutral zone.
0:13 of 2nd period - Icing by Daniel Sedin.
0:14 of 2nd period - Martin Erat wins face-off versus Jeff Skinner in Jets zone.
1:14 of 2nd period - Minor Penalty to Daniel Briere for Roughing.
1:15 of 2nd period - Justin Abdelkader wins face-off versus Mike Ribeiro in Avalanche zone.
1:31 of 2nd period - Ryan Malone is hit by Paul Mara and loses puck.
1:34 of 2nd period - Shot by Ryan Malone.
1:34 of 2nd period - Stopped by Antti Niemi without a rebound.
1:35 of 2nd period - Henrik Sedin wins face-off versus T.J. Oshie in Avalanche zone.
1:44 of 2nd period - Shot by Daniel Sedin.
1:44 of 2nd period - Shot Misses the Net.
1:46 of 2nd period - Shot by Martin Erat.
1:46 of 2nd period - Stopped by Antti Niemi without a rebound.
1:47 of 2nd period - Justin Abdelkader wins face-off versus Mike Ribeiro in Avalanche zone.
3:12 of 2nd period - Shot by Mike Ribeiro.
3:12 of 2nd period - Shot Misses the Net.
3:14 of 2nd period - Shot by Clarke MacArthur.
3:14 of 2nd period - Shot Misses the Net.
3:16 of 2nd period - Shot by Clarke MacArthur.
3:16 of 2nd period - Goal by Clarke MacArthur - Jets : 2 - Avalanche : 1.
3:17 of 2nd period - Daniel Briere wins face-off versus Zack Smith in neutral zone.
3:25 of 2nd period - Daniel Briere is hit by Carlo Colaiacovo and loses puck.
4:07 of 2nd period - Icing by Carlo Colaiacovo.
4:08 of 2nd period - Olli Jokinen wins face-off versus Colby Armstrong in Jets zone.
4:50 of 2nd period - Icing by Cam Fowler.
4:51 of 2nd period - Zack Smith wins face-off versus Derek Stepan in Jets zone.
4:51 of 2nd period - Zack Smith is hit by Mike Knuble.
5:04 of 2nd period - Icing by Jason Demers.
5:05 of 2nd period - Mike Ribeiro wins face-off versus Mike Knuble in Avalanche zone.
5:05 of 2nd period - Ryan Malone is hit by Paul Mara and loses puck.
5:31 of 2nd period - Shot by Mike Knuble.
5:31 of 2nd period - Shot Blocked by Nathan Gerbe.
5:42 of 2nd period - Minor Penalty to Mike Ribeiro for Holding.
5:43 of 2nd period - Henrik Sedin wins face-off versus Daniel Briere in Jets zone.
5:43 of 2nd period - Henrik Sedin is hit by Jeff Skinner.
6:06 of 2nd period - Icing by John Carlson.
6:07 of 2nd period - Daniel Briere wins face-off versus Daniel Sedin in Avalanche zone.
6:55 of 2nd period - Shot by Kevin Shattenkirk.
6:55 of 2nd period - Goal by Kevin Shattenkirk - Jets : 2 - Avalanche : 2.
6:56 of 2nd period - Justin Abdelkader wins face-off versus Mike Ribeiro in neutral zone.
7:21 of 2nd period - Icing by Tomas Kopecky.
7:22 of 2nd period - Brian Boyle wins face-off versus Justin Abdelkader in Avalanche zone.
8:17 of 2nd period - Icing by Daniel Briere.
8:18 of 2nd period - Teemu Selanne wins face-off versus Clarke MacArthur in Avalanche zone.
8:18 of 2nd period - T.J. Oshie is hit by Zack Smith and loses puck.
9:04 of 2nd period - Christian Ehrhoff is hit by Daniel Briere and loses puck.
9:12 of 2nd period - Icing by Cam Fowler.
9:13 of 2nd period - Henrik Sedin wins face-off versus Olli Jokinen in Jets zone.
10:27 of 2nd period - Shot by Derek Stepan.
10:27 of 2nd period - Shot Misses the Net.
10:31 of 2nd period - Shot by Shawn Horcoff.
10:31 of 2nd period - Shot Misses the Net.
10:59 of 2nd period - Shot by John Carlson.
10:59 of 2nd period - Shot Misses the Net.
11:37 of 2nd period - Shot by Martin Erat.
11:37 of 2nd period - Stopped by Antti Niemi with a rebound.
11:39 of 2nd period - Shot by Martin Erat.
11:39 of 2nd period - Shot Misses the Net.
11:53 of 2nd period - Shot by Clarke MacArthur.
11:53 of 2nd period - Stopped by Antti Niemi without a rebound.
11:54 of 2nd period - Zack Smith wins face-off versus Shawn Horcoff in Avalanche zone.
11:54 of 2nd period - Aaron Rome is hit by Paul Mara and loses puck.
11:55 of 2nd period - Minor Penalty to Paul Mara for Boarding.
11:56 of 2nd period - Justin Abdelkader wins face-off versus Henrik Sedin in Avalanche zone.
12:02 of 2nd period - Icing by Christian Ehrhoff.
12:03 of 2nd period - Justin Abdelkader wins face-off versus Henrik Sedin in Jets zone.
12:22 of 2nd period - Shot by Martin Erat.
12:22 of 2nd period - Shot Misses the Net.
12:38 of 2nd period - Icing by Daniel Sedin.
12:39 of 2nd period - Henrik Sedin wins face-off versus Justin Abdelkader in Jets zone.
13:17 of 2nd period - Off-side.
13:18 of 2nd period - Mike Ribeiro wins face-off versus T.J. Oshie in neutral zone.
13:32 of 2nd period - Shot by Mike Ribeiro.
13:32 of 2nd period - Shot Misses the Net.
14:23 of 2nd period - Icing by T.J. Oshie.
14:24 of 2nd period - Daniel Briere wins face-off versus Brian Boyle in Avalanche zone.
14:56 of 2nd period - Shot by Jeff Skinner.
14:56 of 2nd period - Stopped by Ilya Bryzgalov without a rebound.
14:56 of 2nd period - Minor Penalty to Ilya Bryzgalov for Slashing.
14:57 of 2nd period - Daniel Briere wins face-off versus Mike Ribeiro in Jets zone.
15:04 of 2nd period - Shot by Jeff Skinner.
15:04 of 2nd period - Shot Hit the Post.
15:45 of 2nd period - Shot by Bryan Bickell.
15:45 of 2nd period - Shot Blocked by Mark Giordano.
15:47 of 2nd period - Shot by Derek Stepan.
15:47 of 2nd period - Goal by Derek Stepan - Jets : 2 - Avalanche : 3.
15:48 of 2nd period - Zack Smith wins face-off versus Shawn Horcoff in neutral zone.
16:15 of 2nd period - Shot by Clarke MacArthur.
16:15 of 2nd period - Shot Misses the Net.
16:17 of 2nd period - Shot by Zack Smith.
16:17 of 2nd period - Shot Misses the Net.
16:57 of 2nd period - Shot by Mike Ribeiro.
16:57 of 2nd period - Stopped by Antti Niemi without a rebound.
16:58 of 2nd period - Henrik Sedin wins face-off versus Daniel Briere in Avalanche zone.
16:58 of 2nd period - Henrik Sedin is hit by Michael Del Zotto.
17:24 of 2nd period - Shot by Teemu Selanne.
17:24 of 2nd period - Stopped by Ilya Bryzgalov without a rebound.
17:25 of 2nd period - Brian Boyle wins face-off versus Justin Abdelkader in Jets zone.
17:42 of 2nd period - Shot by Erik Cole.
17:42 of 2nd period - Stopped by Antti Niemi with a rebound.
17:44 of 2nd period - Shot by Erik Cole.
17:44 of 2nd period - Stopped by Antti Niemi without a rebound.
17:45 of 2nd period - Zack Smith wins face-off versus Daniel Briere in Avalanche zone.
18:15 of 2nd period - Shot by Teemu Selanne.
18:15 of 2nd period - Stopped by Ilya Bryzgalov without a rebound.
18:16 of 2nd period - Mike Ribeiro wins face-off versus Olli Jokinen in Jets zone.
18:47 of 2nd period - Shot by Mike Ribeiro.
18:47 of 2nd period - Shot Misses the Net.
18:49 of 2nd period - Shot by Alex Goligoski.
18:49 of 2nd period - Stopped by Antti Niemi without a rebound.
18:50 of 2nd period - Shawn Horcoff wins face-off versus Henrik Sedin in Avalanche zone.
18:56 of 2nd period - Christian Ehrhoff is hit by Paul Mara and loses puck.
19:00 of 2nd period - Icing by Paul Mara.
19:01 of 2nd period - Zack Smith wins face-off versus Shawn Horcoff in Avalanche zone.
19:01 of 2nd period - Zack Smith is hit by Paul Mara.
19:11 of 2nd period - Shot by Clarke MacArthur.
19:11 of 2nd period - Shot Misses the Net.
19:42 of 2nd period - Icing by Carlo Colaiacovo.
19:43 of 2nd period - Zack Smith wins face-off versus Daniel Briere in Jets zone.

Period #3

0:01 of 3rd period - Daniel Briere wins face-off versus Henrik Sedin in neutral zone.
0:21 of 3rd period - Shot by Daniel Briere.
0:21 of 3rd period - Goal by Daniel Briere - Jets : 2 - Avalanche : 4.
0:22 of 3rd period - Mike Ribeiro wins face-off versus Olli Jokinen in neutral zone.
0:45 of 3rd period - Shot by Milan Hejduk.
0:45 of 3rd period - Shot Blocked by James Wisniewski.
1:59 of 3rd period - Daniel Briere is hit by Martin Erat and loses puck.
2:38 of 3rd period - Icing by Cam Fowler.
2:39 of 3rd period - Shawn Horcoff wins face-off versus Henrik Sedin in Jets zone.
2:59 of 3rd period - Paul Mara is hit by Erik Cole and loses puck.
3:15 of 3rd period - Carlo Colaiacovo is hit by Paul Mara and loses puck.
4:27 of 3rd period - Icing by Kevin Klein.
4:28 of 3rd period - Daniel Briere wins face-off versus Henrik Sedin in Avalanche zone.
4:55 of 3rd period - Shot by Martin Erat.
4:55 of 3rd period - Stopped by Antti Niemi with a rebound.
4:58 of 3rd period - Icing by Kevin Klein.
4:59 of 3rd period - Zack Smith wins face-off versus T.J. Oshie in Avalanche zone.
5:02 of 3rd period - Shot by Clarke MacArthur.
5:02 of 3rd period - Shot Misses the Net.
5:25 of 3rd period - Clarke MacArthur is hit by Mike Knuble and loses puck.
5:34 of 3rd period - Shot by Derek Stepan.
5:34 of 3rd period - Stopped by Ilya Bryzgalov without a rebound.
5:35 of 3rd period - Justin Abdelkader wins face-off versus Erik Cole in Jets zone.
6:30 of 3rd period - Icing by John Carlson.
6:31 of 3rd period - Zack Smith wins face-off versus Shawn Horcoff in Avalanche zone.
7:16 of 3rd period - Icing by John Carlson.
7:17 of 3rd period - Shawn Horcoff wins face-off versus Mike Ribeiro in Avalanche zone.
7:36 of 3rd period - Icing by Ryan Malone.
7:37 of 3rd period - Olli Jokinen wins face-off versus Mike Ribeiro in Jets zone.
8:35 of 3rd period - Shot by Cam Fowler.
8:35 of 3rd period - Stopped by Antti Niemi without a rebound.
8:36 of 3rd period - Zack Smith wins face-off versus Daniel Briere in Avalanche zone.
8:43 of 3rd period - John Carlson is hit by Zack Smith and loses puck.
8:53 of 3rd period - Clarke MacArthur is hit by Michael Del Zotto and loses puck.
9:11 of 3rd period - Minor Penalty to Teemu Selanne for Hooking.
9:12 of 3rd period - Justin Abdelkader wins face-off versus Henrik Sedin in Avalanche zone.
9:20 of 3rd period - Off-side.
9:21 of 3rd period - Daniel Sedin wins face-off versus T.J. Oshie in neutral zone.
9:40 of 3rd period - Shot by Daniel Sedin.
9:40 of 3rd period - Shot Blocked by Paul Mara.
9:44 of 3rd period - Shot by Henrik Sedin.
9:44 of 3rd period - Goal by Henrik Sedin - Jets : 3 - Avalanche : 4.
9:45 of 3rd period - Mike Ribeiro wins face-off versus Mike Knuble in neutral zone.
10:05 of 3rd period - Shot by Alex Goligoski.
10:05 of 3rd period - Stopped by Antti Niemi with a rebound.
10:10 of 3rd period - Icing by Paul Mara.
10:11 of 3rd period - Shawn Horcoff wins face-off versus Henrik Sedin in Avalanche zone.
10:13 of 3rd period - Icing by Jason Demers.
10:14 of 3rd period - Zack Smith wins face-off versus Shawn Horcoff in Avalanche zone.
10:46 of 3rd period - Off-side.
10:47 of 3rd period - Daniel Briere wins face-off versus Mike Ribeiro in neutral zone.
11:04 of 3rd period - Mike Ribeiro is hit by Michael Del Zotto and loses puck.
11:13 of 3rd period - Shot by Mike Ribeiro.
11:13 of 3rd period - Stopped by Antti Niemi without a rebound.
11:14 of 3rd period - Henrik Sedin wins face-off versus Olli Jokinen in Avalanche zone.
11:30 of 3rd period - Jeff Skinner is hit by Christian Ehrhoff and loses puck.
11:47 of 3rd period - Shot by Martin Erat.
11:47 of 3rd period - Shot Misses the Net.
11:49 of 3rd period - Shot by Daniel Sedin.
11:49 of 3rd period - Stopped by Antti Niemi without a rebound.
11:50 of 3rd period - Daniel Briere wins face-off versus Mike Ribeiro in Avalanche zone.
12:32 of 3rd period - Icing by Michael Del Zotto.
12:33 of 3rd period - Zack Smith wins face-off versus Daniel Briere in Avalanche zone.
12:41 of 3rd period - Zack Smith beats up T.J. Oshie.
12:41 of 3rd period - Penalty to T.J. Oshie for Fighting.
12:41 of 3rd period - Penalty to Zack Smith for Fighting.
12:42 of 3rd period - Shawn Horcoff wins face-off versus Henrik Sedin in neutral zone.
12:47 of 3rd period - Shot by Mike Knuble.
12:47 of 3rd period - Shot Misses the Net.
13:04 of 3rd period - Shot by Henrik Sedin.
13:04 of 3rd period - Shot Misses the Net.
13:06 of 3rd period - Shot by Daniel Sedin.
13:06 of 3rd period - Goal by Daniel Sedin - Jets : 4 - Avalanche : 4.
13:06 of 3rd period - Joey MacDonald enters game.
13:07 of 3rd period - Olli Jokinen wins face-off versus Brian Boyle in neutral zone.
13:13 of 3rd period - Minor Penalty to Jeff Skinner for Roughing.
13:14 of 3rd period - Mike Ribeiro wins face-off versus Justin Abdelkader in Avalanche zone.
13:15 of 3rd period - Shot by Alex Goligoski.
13:15 of 3rd period - Shot Blocked by John Carlson.
13:17 of 3rd period - Shot by Alex Goligoski.
13:17 of 3rd period - Shot Misses the Net.
13:19 of 3rd period - Shot by Mike Ribeiro.
13:19 of 3rd period - Stopped by Joey MacDonald without a rebound.
13:20 of 3rd period - Henrik Sedin wins face-off versus Teemu Selanne in Avalanche zone.
13:20 of 3rd period - Henrik Sedin is hit by Kevin Klein.
14:26 of 3rd period - Shot by Alex Goligoski.
14:26 of 3rd period - Shot Blocked by Kevin Klein.
14:28 of 3rd period - Shot by James Wisniewski.
14:28 of 3rd period - Goal by James Wisniewski - Jets : 5 - Avalanche : 4.
14:29 of 3rd period - Clarke MacArthur wins face-off versus Olli Jokinen in neutral zone.
14:29 of 3rd period - Clarke MacArthur is hit by Milan Hejduk.
14:30 of 3rd period - Minor Penalty to Milan Hejduk for High sticking.
14:31 of 3rd period - Olli Jokinen wins face-off versus Mike Ribeiro in Avalanche zone.
14:42 of 3rd period - Shot by Olli Jokinen.
14:42 of 3rd period - Stopped by Ilya Bryzgalov with a rebound.
14:54 of 3rd period - Olli Jokinen is hit by Colby Armstrong and loses puck.
14:59 of 3rd period - Shot by Mike Ribeiro.
14:59 of 3rd period - Stopped by Joey MacDonald without a rebound.
15:00 of 3rd period - Shawn Horcoff wins face-off versus Brian Boyle in Avalanche zone.
15:11 of 3rd period - Shot by Jason Demers.
15:11 of 3rd period - Stopped by Ilya Bryzgalov with a rebound.
15:31 of 3rd period - Off-side.
15:32 of 3rd period - Henrik Sedin wins face-off versus Daniel Briere in neutral zone.
15:32 of 3rd period - Martin Erat is hit by Daniel Briere and loses puck.
17:26 of 3rd period - Shot by Ryan Malone.
17:26 of 3rd period - Stopped by Joey MacDonald without a rebound.
17:27 of 3rd period - Mike Ribeiro wins face-off versus Shawn Horcoff in Avalanche zone.
18:01 of 3rd period - Shot by Shawn Horcoff.
18:01 of 3rd period - Shot Misses the Net.
18:46 of 3rd period - Shot by Henrik Sedin.
18:46 of 3rd period - Shot Misses the Net.
18:48 of 3rd period - Shot by Daniel Sedin.
18:48 of 3rd period - Shot Misses the Net.
19:00 of 3rd period - Avalanche, Joey MacDonald is pulled from the net.
19:00 of 3rd period - Shot by Daniel Briere.
19:00 of 3rd period - Shot Misses the Net.
19:18 of 3rd period - Shot by Clarke MacArthur.
19:18 of 3rd period - Shot Blocked by Michael Del Zotto.
19:22 of 3rd period - Shot by Clarke MacArthur.
19:22 of 3rd period - Goal by Clarke MacArthur - Jets : 6 - Avalanche : 4.
19:22 of 3rd period - Joey MacDonald from Avalanche was sent back in the game.
19:23 of 3rd period - Brian Boyle wins face-off versus Milan Hejduk in neutral zone.
19:28 of 3rd period - Shot by Clarke MacArthur.
19:28 of 3rd period - Stopped by Joey MacDonald with a rebound.
19:31 of 3rd period - Icing by Milan Hejduk.
19:32 of 3rd period - Henrik Sedin wins face-off versus Milan Hejduk in Avalanche zone.
19:37 of 3rd period - Shot by Daniel Sedin.
19:37 of 3rd period - Shot Misses the Net.


Output by the SimonT Hockey Simulator (STHS) for Stephane Roy -- Original Page W3C XHTML 1.0 Valid